 Seeded DCSS version 0.28-a0-1567-g1695149f81 (webtiles) character file.

Game seed: 767 (custom seed)

1608 knot the Cleaver (level 8, -2/87 HPs)
             Began as a Demonspawn Berserker on Jan 20, 2022.
             Was a Priest of Trog.
             Slain by a vampire mosquito (5 damage)
             ... on level 6 of the Dungeon.
             The game lasted 00:06:26 (8900 turns).

knot the Cleaver (Demonspawn Berserker)             Turns: 8900, Time: 00:06:27

Health: -2/87      AC:  8    Str: 17    XL:     8   Next: 63%
Magic:  8/8        EV: 11    Int: 11    God:    Trog [***...]
Gold:   288        SH:  5    Dex: 13    Spells: 7/7 levels left

rFire   . . .      SeeInvis .   a - +0 hand axe
rCold   . . .      Faith    .   m - +2 buckler
rNeg    . . .      Spirit   .   i - +3 ring mail
rPois   +          Reflect  .   (helmet restricted)
rElec   .          Harm     .   (no cloak)
rCorr   .          Rampage  .   (no gloves)
Will    +....                   (no boots)
Stlth   ..........              (no amulet)
HPRegen 0.24/turn               j - ring of poison resistance
MPRegen 0.11/turn               y - ring of willpower

@: berserking (expiring), very quick
A: antennae 2, sturdy frame 2, demonic magic 2
a: Renounce Religion, Berserk, Trog's Hand


You were on level 6 of the Dungeon.
You worshipped Trog.
Trog was most pleased with you.
You visited 1 branch of the dungeon, and saw 6 of its levels.

You collected 288 gold pieces.

Inventory:

Hand Weapons
 a - a +0 hand axe (weapon)
Missiles
 e - 30 sling bullets
 f - 145 stones
 p - 3 boomerangs (quivered)
Armour
 i - a +3 ring mail (worn)
 m - a +2 buckler (worn)
Jewellery
 h - a ring of fire
 j - a ring of poison resistance (left hand)
 l - a ring of poison resistance
 y - a ring of willpower (right hand)
Wands
 q - a wand of paralysis (18)
 t - a wand of flame (12)
Scrolls
 b - 3 scrolls of teleportation {unknown}
 d - 5 scrolls of identify {unknown}
 g - 3 scrolls of enchant armour {unknown}
 k - a scroll of torment {unknown}
 o - a scroll of summoning {unknown}
 s - a scroll of noise {unknown}
 u - a scroll of magic mapping {unknown}
 v - a scroll of fog {unknown}
Potions
 c - a potion of attraction {unknown}
 n - a potion of might
 r - a potion of flight {unknown}
 w - a potion of heal wounds
 x - a potion of haste {unknown}
 z - a potion of curing {unknown}


   Skills:
 - Level 3.0 Fighting
 * Level 8.0 Axes
 * Level 6.5 Throwing
 - Level 1.7 Armour
 - Level 1.7 Dodging


You had 7 spell levels left.
You didn't know any spells.
Your spell library contained the following spells:

 Spells                   Type           Power      Damage    Failure   Level
 Freeze                   Ice            0%         1d3       47%         1
 Magic Dart               Conj           0%         1d3       47%         1
 Sandblast                Erth           0%         2d4       47%         1
 Searing Ray              Conj           0%         2d4       63%         2
 Static Discharge         Conj/Air       0%         N/A       63%         2
 Frozen Ramparts          Ice            0%         1d2       85%         3
 Portal Projectile        Hex/Tloc       0%         N/A       85%         3
 Dispel Undead            Necr           0%         3d6       99%         4
 Hailstorm                Conj/Ice       0%         3d3       99%         4
 Olgreb's Toxic Radiance  Pois           0%         N/A       99%         4
 Sticky Flame             Conj/Fire      0%         2d3       99%         4
 Blade Hands              Tmut           0%         N/A       100%        5
 Excruciating Wounds      Necr           0%         N/A       100%        5
 Fireball                 Conj/Fire      0%         3d3       100%        5
 Iskenderun's Battlesphe  Conj           0%         2d6       100%        5
 Conjure Ball Lightning   Conj/Air       0%         3x3d6     100%        6
 Dispersal                Tloc           0%         N/A       100%        6
 Orb of Destruction       Conj           0%         9d5       100%        7
 Ozocubu's Refrigeration  Ice            0%         4d5       100%        7
 Disjunction              Tloc           0%         N/A       100%        8
 Ignition                 Fire           0%         3d3       100%        8


Dungeon Overview and Level Annotations

Branches:
Dungeon (6/15)             Temple (0/1) D:6

Altars:
Ashenzari
Dithmenos
Elyvilon
Gozag
Hepliaklqana
Nemelex Xobeh
Sif Muna
Vehumet
Wu Jian
Xom


Innate Abilities, Weirdness & Mutations

You have a pair of antennae on your head.
Your movements are less encumbered by armour. (ER -4)
Spells you cast may paralyse nearby enemies.


Message History

You block the bullfrog zombie's attack.
The vampire mosquito closely misses you.
The black bear bites you.
* * * LOW HITPOINT WARNING * * *
The black bear claws you but does no damage.
The black bear claws you.
* * * LOW HITPOINT WARNING * * *
You barely miss the black bear.
The black bear is heavily wounded.
You miss the vampire mosquito.
You completely miss the bullfrog zombie.
You hit the vampire mosquito. The vampire mosquito bites you.
* * * LOW HITPOINT WARNING * * *
The vampire mosquito draws strength from your injuries!
The vampire mosquito bites you.
* * * LOW HITPOINT WARNING * * *
The vampire mosquito draws strength from your injuries!
The bullfrog zombie hits you.
* * * LOW HITPOINT WARNING * * *
The vampire mosquito bites you!
* * * LOW HITPOINT WARNING * * *
The vampire mosquito draws strength from your injuries!
The black bear bites you.
* * * LOW HITPOINT WARNING * * *
The black bear closely misses you. The black bear claws you.
* * * LOW HITPOINT WARNING * * *
You hit the bullfrog zombie.
You destroy the bullfrog zombie!
Trog accepts your kill.
You hit the vampire mosquito. You slash the black bear!
You barely miss the vampire mosquito.
Your skin stops crawling.
You feel less strong-willed.
The vampire mosquito closely misses you.
The vampire mosquito misses you.
Your Axes skill increases to level 8!
You barely miss the black bear.
The black bear is almost dead.
You hit the vampire mosquito. You closely miss the vampire mosquito.
The vampire mosquito bites you.
You die...

####### ##.....##
##.......## #.........#
#.........# #.........# ###
#.........#####.##
###.........#...@h.#########
..##...........y.y.#........
..#.........#..[............
..#.........................
..#.........................
............................
..#.........................
..##........................
..###.....#.................


You could see a black bear and 2 vampire mosquitoes.

Vanquished Creatures
  Sigmund (D:5)
  A vampire mosquito (D:6)
  An acid dragon (D:5)
  A water moccasin (D:5)
  A necrophage (D:5)
  A black bear (D:5)
  2 ogres
  A bullfrog (D:4)
  A bullfrog zombie (D:6)
  A centaur zombie (D:5)
  A bullfrog skeleton (D:5)
  A gnoll shaman (D:4)
  A hound (D:5)
  An iguana (D:4)
  Jessica (D:3)
  Natasha (thrice) (D:2)
  4 orc wizards
  A hound skeleton (D:5)
  6 gnolls (D:4)
  13 adders
  An ufetubus (D:5)
  5 worms
  5 dart slugs
  9 orcs
  6 endoplasms
  5 giant cockroaches
  9 goblins
  10 hobgoblins
  4 quokkas
  5 ball pythons
  6 bats
  6 frilled lizards
  7 kobolds
  12 rats
133 creatures vanquished.

Vanquished Creatures (others)
  A plant (D:5)
1 creature vanquished.

Grand Total: 134 creatures vanquished

Notes
Turn   | Place    | Note
-------+----------+-------------------------------------------
     0 | D:1      | knot the Demonspawn Berserker began the quest for the Orb.
     0 | D:1      | Reached XP level 1. HP: 18/18 MP: 1/1
    45 | D:1      | Reached skill level 3 in Axes
   154 | D:1      | Gained mutation: Your movements are slightly less
                  | encumbered by armour. (ER -2) [demonic ancestry]
   154 | D:1      | Reached XP level 2. HP: 5/24 MP: 2/2
  1374 | D:1      | Gained mutation: You have a pair of small antennae on your
                  | head. [demonic ancestry]
  1374 | D:1      | Reached XP level 3. HP: 24/29 MP: 3/3
  1489 | D:1      | Reached ** piety under Trog
  1630 | D:1      | Found a faded altar of an unknown god.
  1957 | D:2      | Reached skill level 4 in Axes
  2636 | D:2      | Noticed Natasha
  2649 | D:2      | Killed Natasha
  2650 | D:2      | Reached skill level 1 in Throwing
  2650 | D:2      | Gained mutation: Your movements are less encumbered by
                  | armour. (ER -4) [demonic ancestry]
  2650 | D:2      | Reached XP level 4. HP: 18/35 MP: 4/4
  2965 | D:2      | Noticed Natasha
  2982 | D:2      | Killed Natasha
  3281 | D:2      | Noticed Natasha
  3295 | D:2      | Killed Natasha
  3296 | D:2      | Gained mutation: Spells you cast may paralyse adjacent
                  | enemies. [demonic ancestry]
  3296 | D:2      | Reached XP level 5. HP: 33/41 MP: 5/5
  3531 | D:2      | Found a shimmering altar of Xom.
  3892 | D:3      | Noticed Jessica
  3907 | D:3      | Killed Jessica
  3908 | D:3      | Reached skill level 5 in Axes
  4342 | D:3      | Found a radiant altar of Vehumet.
  5132 | D:3      | Reached XP level 6. HP: 47/47 MP: 6/6
  5690 | D:4      | Got Hamuv's Handbook of Harmful Earth
  5976 | D:4      | Found an ornate altar of the Wu Jian Council.
  6249 | D:4      | Found a broken altar of Ashenzari.
  6249 | D:4      | Found a shadowy altar of Dithmenos.
  6263 | D:4      | Found a hazy altar of Hepliaklqana.
  6944 | D:5      | Entered Level 5 of the Dungeon
  6970 | D:5      | Reached *** piety under Trog
  6971 | D:5      | Reached skill level 6 in Axes
  6971 | D:5      | Gained mutation: You have a pair of antennae on your head.
                  | [demonic ancestry]
  6971 | D:5      | Reached XP level 7. HP: 52/52 MP: 7/7
  7599 | D:5      | Reached skill level 5 in Throwing
  7697 | D:5      | Found a sparkling altar of Nemelex Xobeh.
  7730 | D:5      | Noticed Sigmund
  7760 | D:5      | Killed Sigmund
  7761 | D:5      | Reached skill level 7 in Axes
  7761 | D:5      | Gained mutation: Spells you cast may paralyse nearby
                  | enemies. [demonic ancestry]
  7761 | D:5      | Reached XP level 8. HP: 58/58 MP: 8/8
  8394 | D:5      | Found a shimmering blue altar of Sif Muna.
  8540 | D:5      | You fall into a shaft and drop 1 floor!
  8613 | D:5      | Found an opulent altar of Gozag.
  8796 | D:6      | Found a staircase to the Ecumenical Temple.
  8898 | D:6      | HP: 4/87 [black bear (3)]
  8900 | D:6      | Reached skill level 8 in Axes
  8900 | D:6      | Slain by a vampire mosquito

Illustrated notes

Levels and vault maps discovered:
D:1:      onia_arrival_handbag, layout_loops_ring,
          nicolae_ecumenical_lake_church
D:2:      layout_rooms, basic_altar, st_stairs_1, uniq_natasha
D:3:      layout_basic, nicolae_vehumet_radiance, uniq_jessica
D:4:      layout_basic, minmay_overflow_temple_star_hex, columned_hall_lemuel
D:5:      layout_basic, led_sif_book, nemelex_altar_shiori, grunt_gozag_statues,
          corexii_checkpoint_b, serial_bayou_pond_c, uniq_sigmund
D:6:      layout_rooms, mainiacjoe_overflow_alcove_1,
          minmay_temple_entry_offerings

Skill      XL: |  1  2  3  4  5  6  7  8 |
---------------+-------------------------+-----
Axes           | 3 4 5 6 7 8 |  8.0
Throwing       | 1 2 4 5 6 |  6.5
Fighting       | |  3.0
Armour         | |  1.7
Dodging        | |  1.7

Action                   |  1- 3 |  4- 6 |  7- 9 || total
-------------------------+-------+-------+-------++-------
Melee: Hand axe          |   159 |   260 |   119 ||   538
       Punch             |     2 |       |       ||     2
Throw: Stone             |     1 |     6 |       ||     7
       Boomerang         |       |       |     9 ||     9
Invok: Berserk           |     5 |    12 |     5 ||    22
       Trog's Hand       |       |       |     1 ||     1
  Use: Potion            |       |       |     3 ||     3
 Stab: Sleeping          |     3 |       |       ||     3
Armor: Animal skin       |    23 |       |       ||    23
       Ring mail         |    13 |    77 |    43 ||   133
       Skin              |       |       |     5 ||     5
Dodge: Dodged            |    81 |   129 |    81 ||   291
Block: Buckler           |       |    54 |    33 ||    87

Table legend: (Time is in decaauts)
 A = Elapsed time spent in this place.
 B = Non-inter-level travel time spent in this place.
 C = Inter-level travel time spent in this place.
 D = Time resting spent in this place.
 E = Time spent auto-exploring this place.
 F = Levels seen in this place.
 G = Mean time per level.
                   A        B        C        D        E       F      G
               +--------+--------+--------+--------+--------+-----+--------+
         Total |   9136 |   8965 |    171 |   4072 |   3802 |   6 | 1522.7 |
       Dungeon |   9136 |   8965 |    171 |   4072 |   3802 |   6 | 1522.7 |
               +--------+--------+--------+--------+--------+-----+--------+

Top non-repeatable levels by time:
     D:1: 1981 daAuts
     D:5: 1852 daAuts
     D:3: 1817 daAuts
     D:2: 1794 daAuts
     D:4: 1544 daAuts
     D:6: 146 daAuts
